 Dungeon Crawl Stone Soup version 0.21-a0-91-ga5031da (webtiles) character file.

2744212 kuniqs the Rapturous (level 27, 158/158 HPs)
             Began as a Vine Stalker Berserker on June 30, 2017.
             Was a Follower of Uskayaw.
             Escaped with the Orb
             ... and 4 runes!
             The game lasted 02:18:09 (55635 turns).

kuniqs the Rapturous (Vine Stalker Berserker)      Turns: 55635, Time: 02:18:09

Health: 158/158    AC: 41    Str: 37    XL:     27
Magic:  38/38      EV: 28    Int:  7    God:    Uskayaw [*.....]
Gold:   4904       SH: 22    Dex: 24    Spells: 26/26 levels left

rFire    + + .     SeeInvis +   V - +9 quick blade (vamp)
rCold    + + .     Gourm    .   N - +5 shield {rC+ rF+}
rNeg     + . .     Faith    .   r - +6 gold dragon scales
rPois    +         Spirit   +   n - +2 hat of the Bear Spirit {Spirit, +Rage rN+ MR++}
rElec    +         Reflect  .   z - +1 cloak
rCorr    .         Harm     .   W - +2 pair of gloves {Str+3}
MR       +++++                  O - +2 pair of boots of Bitterness {Dex+4}
Stlth    ..........             u - amulet of the Air {Inacc +Fly rElec EV+5 RMsl}
HPRegen  1.16/turn              v - ring of the Median {*Slow +Blink Str+7 Slay+6 SInv}
MPRegen  0.26/turn              D - +4 ring of slaying

@: repel missiles
A: fangs 3, talons 1, magic resistance 1, regeneration 2, screaming 1, magic
shield, antimagic bite, no potion heal 3, rot immunity, MP-powered wands
0: Orb of Zot
}: 4/15 runes: decaying, slimy, silver, gossamer
a: Stomp, Renounce Religion, Evoke Blink, Evoke Berserk Rage, Evoke Flight


You escaped.
You worshipped Uskayaw.
Uskayaw was greatly pleased with you.
You were not hungry.

You visited 11 branches of the dungeon, and saw 55 of its levels.
You visited 1 ziggurat, and saw 6 of its levels.
You also visited: Labyrinth, Bailey and Desolation.

You collected 7264 gold pieces.
You spent 2360 gold pieces at shops.

Inventory:

Hand Weapons
 V - a +9 vampiric quick blade (weapon)
Missiles
 R - 4 throwing nets (quivered)
Armour
 n - the +2 hat of the Bear Spirit (worn) {Spirit, +Rage rN+ MR++}
   (You found it on level 2 of the Vaults)

   It protects you from negative energy.
   It affects your resistance to hostile enchantments.
   It lets you go berserk.
 r - +6 gold dragon scales (worn)
 z - a +1 cloak (worn)
 N - a +5 shield of resistance (worn)
 O - the +2 pair of boots of Bitterness (worn) {Dex+4}
   (You found it on level 3 of the Elven Halls)

   It affects your dexterity (+4).
 W - a +2 pair of gloves of strength (worn)
Jewellery
 u - the amulet of the Air (around neck) {Inacc +Fly rElec EV+5 RMsl}
   (You bought it in a shop on level 14 of the Dungeon)

   [amulet of inaccuracy]

   It reduces the accuracy of all your attacks.
   It affects your evasion (+5).
   It insulates you from electricity.
   It lets you fly.
   It protects you from missiles.
 v - the ring of the Median (left hand) {*Slow +Blink Str+7 Slay+6 SInv}
   (You took it off a spriggan air mage on level 2 of the Depths)

   [ring of see invisible]

   It affects your strength (+7).
   It affects your accuracy and damage with ranged weapons and melee attacks
   (+6).
   It lets you see invisible.
   It lets you blink.
   It may slow you when you take damage.
 D - a +4 ring of slaying (right hand)
Wands
 G - a wand of digging (21/24)
 H - a wand of iceblast (7/15)
 P - a wand of paralysis (18/24)
 S - a wand of acid (6/15)
 X - a wand of clouds (6/9)
Scrolls
 a - 3 scrolls of identify {@r1}
 g - 5 scrolls of blinking
 i - 2 scrolls of magic mapping
 k - a scroll of holy word
 l - 18 scrolls of teleportation
 p - a scroll of enchant weapon
 s - 8 scrolls of recharging
 x - 11 scrolls of fog
 A - a scroll of brand weapon
 E - 9 scrolls of fear
 F - 3 scrolls of silence
 I - 22 scrolls of remove curse {@r2}
 L - 8 scrolls of immolation
 T - 3 scrolls of summoning
Potions
 c - 22 potions of curing {@q1}
 h - a potion of resistance
 j - 4 potions of agility
 m - 6 potions of mutation
 q - 8 potions of flight
 t - 2 potions of might
 B - 4 potions of haste
 C - 5 potions of cancellation
 Q - 2 potions of berserk rage
Miscellaneous
 o - a lamp of fire
 w - a lightning rod (4/4)
 J - 3 boxes of beasts
 U - 6 sacks of spiders
 Z - a fan of gales
Comestibles
 b - 4 royal jellies
 d - 31 bread rations
 e - 32 meat rations
 f - a fruit


   Skills:
 + Level 20.8 Fighting
 - Level 10.3 Short Blades
 + Level 19.2 Armour
 + Level 19.3 Dodging
 - Level 12.7 Stealth
 - Level 16.6 Shields
 + Level 21.4 Invocations
 - Level 10.0 Evocations


You had 26 spell levels left.
You didn't know any spells.

Dungeon Overview and Level Annotations

Branches:
Dungeon (15/15)            Temple (1/1) D:6            Lair (6/6) D:11
  Swamp (4/4) Lair:3       Spider (4/4) Lair:2        Slime (5/5) Lair:6
    Orc (2/2) D:9             Elf (3/3) Orc:2        Vaults (5/5) D:14
  Crypt (0/3) Vaults:3     Depths (5/5) D:15            Zot (5/5) Depths:5

Altars:
Ashenzari
Dithmenos
Elyvilon
Fedhas
Gozag
Makhleb
Nemelex Xobeh
Qazlal
Ru
Trog
Uskayaw
Vehumet
Yredelemnul
The Shining One
Beogh
Jiyva

Shops:
D:4 ?   D:5 (   D:13 %*%   D:14 =   D:15 %   Orc:2 :(?   Elf:2 (   Elf:3 :
Depths:5 (

Portals:
Hell: Depths:1 Depths:2 Depths:3 Depths:4
Abyss: Depths:1 Depths:3 Depths:4 Depths:5
Pandemonium: Depths:3 Depths:4

Annotations:
Spider:1 exclusion: Roxanne, Roxanne
Depths:2 2 runed doors
Depths:3 3 runed doors


Innate Abilities, Weirdness & Mutations

You have razor-sharp teeth.
You heal very quickly.
When hurt, damage is shared between your health and your magic reserves.
Your bite disrupts and absorbs the magic of your enemies.
Potions cannot restore your health.
You are immune to rotting.
You have sharp toenails.
You are resistant to hostile enchantments. (MR+)
You occasionally shout uncontrollably at your foes.
You expend magic power (3 MP) to strengthen your wands.


Message History

There is a stone staircase leading down here.
There is a stone staircase leading up, spattered with blood here.
You climb upwards.
There is a stone staircase leading down here.
You see here an animal skin.
There is a stone staircase leading up here.
You climb upwards.
There is a stone staircase leading down here.
There is a stone staircase leading up here.
You climb upwards.
There is a stone staircase leading down here.
You hear a grinding noise.
You hear a grinding noise.
There is an open gate here.
You hear a grinding noise.
You hear a grinding noise.
You hear a grinding noise.
You hear a grinding noise.
There is a staircase leading out of the dungeon here.
You have escaped!

##.....## #......
#...#...# #.##.##
##...#...## #.##.##
#...###...# #.##...
##...# #...## #.#####
#...## ##...#####.#####
##...#####...##.........
#.............###.######
#......@......###.##
################....##
#.#.##...............#
#.#..........#..#....###
#.#######.........)..(.#
##.#
#......##....#..#.##
###..#
#.....###...##..#..[
##.#.##
#....)..............
##.#..#
#.....#####.#####...


There were no monsters in sight!

Vanquished Creatures
  the Royal Jelly (Slime:5)
  Dissolution (Slime:5)
  4 ancient liches
  6 orbs of fire
  Mennas (Vaults:5)
  2 juggernauts
  Boris (Vaults:5)
  Xtahua (Vaults:5)
  Saint Roka (Vaults:5)
  6 Killer Klowns (Zot:5)
  5 caustic shrikes
  5 golden dragons
  Nikola (Elf:2)
  2 bone dragons (Depths:5)
  A Tzitzimitl (Depths:5)
  2 electric golems (Zot:5)
  A Brimstone Fiend (D:10)
  Jorgrun (Vaults:5)
  7 liches
  9 tentacled monstrosities
  21 Orb Guardians
  2 pandemonium lords
  3 deep elf blademasters
  3 deep elf master archers (Elf:3)
  4 titans (Vaults:5)
  17 acid blobs
  9 quicksilver dragons
  3 death cobs
  6 sphinxes
  8 storm dragons
  15 tengu reavers
  4 thorn hunters
  7 shadow dragons
  An azure jelly (Slime:4)
  A daeva (Depths:3)
  2 draconian monks
  14 fire giants
  6 deep elf sorcerers
  2 iron dragons
  12 frost giants
  17 vault wardens
  3 draconian scorchers
  3 draconian knights
  4 emperor scorpions (Spider:4)
  Aizul (Vaults:4)
  An imperial myrmidon (Desolation)
  4 ghost moths (Spider:4)
  7 deep elf elementalists
  2 draconian annihilators
  3 draconian shifters
  A spriggan defender (Depths:2)
  An angel (Depths:3)
  17 ironheart preservers
  6 draconian stormcallers
  25 very ugly things
  4 vampire knights
  A caustic shrike skeleton (Depths:4)
  3 war gargoyles (Vaults:5)
  40 stone giants
  9 entropy weavers
  7 green draconians
  2 black draconians
  3 deep elf demonologists (Elf:3)
  A dire elephant (Zig:5)
  2 purple draconians
  13 deep elf annihilators
  4 white draconians
  5 yellow draconians
  4 red draconians
  13 spark wasps
  2 halazid warlocks (Desolation)
  A merfolk javelineer (Depths:1)
  16 fire dragons
  24 ettins
  2 deep elf death magi
  Josephine (D:13)
  5 crystal guardians
  25 yaktaur captains
  A merfolk impaler (Depths:1)
  4 ragged hierophants
  A jiangshi (Vaults:3)
  77 slime creatures
  5 deep elf high priests
  3 large abominations
  The ghost of anet the Protected, a journeyman MiMo of Ashenzari (D:11)
  Harold (Lair:4)
  29 vault guards
  9 rakshasas
  9 great orbs of eyes
  13 ice dragons
  4 servants of whispers (Desolation)
  7 spriggan air magi
  5 peacekeepers (Desolation)
  20 hydras
  A merfolk avatar (Depths:1)
  34 two-headed ogres
  An anaconda (shapeshifter) (Depths:3)
  8 centaur warriors
  7 deep troll shamans
  4 catoblepae
  9 tengu warriors
  11 ogre magi
  8 alligators
  4 death knights
  25 death yaks
  A two-headed ogre (shapeshifter) (Depths:2)
  A satyr (Zig:3)
  2 vampire magi
  A titan zombie (Vaults:4)
  7 spriggan berserkers
  Urug (Lair:2)
  27 dancing weapons
  A naga sharpshooter (Zig:3)
  11 deep troll earth magi
  6 orc high priests (Orc:2)
  A sun demon (Zot:1)
  A fire crab (shapeshifter) (Elf:3)
  2 shadow wraiths (Vaults:4)
  17 deep elf knights
  8 hell knights
  7 skeletal warriors
  A spark wasp zombie (Depths:4)
  7 unseen horrors
  8 iron trolls
  2 salamander mystics (Depths:3)
  20 deep elf archers
  4 spriggan druids
  37 deep trolls
  8 glowing orange brains
  An obsidian statue (Zot:5)
  9 flayed ghosts
  A death drake (shapeshifter) (Depths:5)
  An unseen horror (shapeshifter) (Vaults:4)
  5 shambling mangroves
  Pikel (D:4)
  6 wizards
  10 swamp dragons
  5 harpies
  9 necromancers
  A swamp dragon (shapeshifter) (Elf:2)
  A lindwurm (shapeshifter) (Depths:4)
  A wolf spider zombie (D:12)
  An orb spider (shapeshifter) (Vaults:2)
  19 orc knights
  2 phantasmal warriors
  16 orb spiders
  A sphinx zombie (Vaults:1)
  3 orc sorcerers
  51 ugly things
  27 wolf spiders
  17 ironbrand convokers
  A tengu zombie (Vaults:4)
  59 deep elf magi
  A shining eye (Slime:5)
  A manticore (shapeshifter) (Depths:2)
  11 cyclopes
  4 manticores
  A faun (shapeshifter) (D:15)
  A moth of wrath (shapeshifter) (Vaults:5)
  A salamander (shapeshifter) (Vaults:2)
  Joseph (D:9)
  7 moths of wrath
  A guardian serpent (Desolation)
  2 elephants (Lair:6)
  4 salamanders
  4 black mambas
  A molten gargoyle (Desolation)
  3 guardian serpents (shapeshifter)
  17 vault sentinels
  2 naga magi (Vaults:2)
  An eye of devastation (Slime:2)
  A smoke demon (D:11)
  A water nymph (shapeshifter) (Depths:4)
  17 spiny frogs
  6 torpor snails
  A water nymph (Lair:5)
  2 gargoyles (D:12)
  5 komodo dragons
  2 rime drakes (shapeshifter)
  A spiny frog (shapeshifter) (Depths:4)
  A yaktaur (shapeshifter) (Vaults:4)
  85 yaktaurs
  23 demonic crawlers
  A rime drake (Lair:2)
  6 freezing wraiths
  An ice devil (D:11)
  4 tengu conjurers
  An efreet (D:15)
  3 red devils
  A minotaur zombie (Lab)
  A meliai (shapeshifter) (Depths:4)
  12 trolls
  A hellwing (D:14)
  33 jumping spiders
  6 tyrant leeches
  27 hornets
  45 saltlings
  A snapping turtle (shapeshifter) (Vaults:5)
  3 human skeletons
  Grinder (D:6)
  6 blink frogs
  5 bog bodies
  A tengu simulacrum (Vaults:4)
  11 polar bears
  14 hippogriffs
  An ettin zombie (Vaults:4)
  2 dream sheep (Lair:6)
  A meliai zombie (D:11)
  A frost giant simulacrum (Vaults:2)
  2 stone giant simulacra (Vaults:2)
  23 tarantellas
  4 shadows
  A tarantella (shapeshifter) (Depths:4)
  46 redbacks
  12 air elementals
  3 wyverns
  7 wraiths
  49 yaks
  5 spriggans
  15 water elementals
  A ynoxinul (D:11)
  Eustachio (D:5)
  A basilisk (shapeshifter) (Elf:1)
  A fire elemental (Elf:2)
  2 chaos spawn
  2 golden eyes (Zig:6)
  2 steam dragons
  4 basilisks
  9 vampire mosquitoes
  13 insubstantial wisps
  Edmund (D:4)
  10 wargs
  A swamp worm (shapeshifter) (Elf:1)
  14 water moccasins
  A naga (shapeshifter) (Depths:2)
  23 swamp worms
  A small abomination (Depths:5)
  4 floating eyes
  9 porcupines
  34 orc warriors
  A sky beast (D:6)
  19 swamp drakes
  An elf zombie (Vaults:1)
  4 ice beasts
  A sky beast (shapeshifter) (Depths:5)
  3 slaves (D:3)
  8 black bears
  2 necrophages
  2 black bears (shapeshifter)
  An eye of draining (shapeshifter) (Elf:1)
  44 ogres
  17 boggarts
  3 eyes of draining
  A tengu (shapeshifter) (D:12)
  4 wolves (Lair:1)
  10 centaurs
  9 crocodiles
  A human zombie (Vaults:1)
  3 earth elementals
  A gnoll sergeant (D:10)
  24 bullfrogs
  A wyvern zombie (D:13)
  5 scorpions
  A scorpion (shapeshifter) (Vaults:4)
  6 killer bees (D:10)
  8 wights
  7 howler monkeys
  4 electric eels
  A yaktaur simulacrum (Vaults:1)
  A bullfrog zombie (D:8)
  5 crimson imps
  A quasit (Depths:3)
  6 bullfrog skeletons
  5 jellies
  5 centaur zombies
  7 hounds
  35 orc priests
  An iron imp (D:8)
  14 orc wizards
  4 centaur skeletons
  Ijyb (D:5)
  5 iguanas
  14 worker ants
  A hound zombie (D:10)
  10 adders
  4 gnolls (D:10)
  A howler monkey skeleton (D:4)
  A shadow imp (D:10)
  An ooze (D:6)
  An adder skeleton (D:10)
  3 worms
  4 leopard geckos
  113 orcs
  13 bats
  2 giant cockroaches (D:2)
  7 goblins
  9 hobgoblins
  6 jackals
  2 quokkas
  4 ball pythons
  11 frilled lizards
  7 kobolds
  A leopard gecko skeleton (D:4)
  A quokka skeleton (D:8)
  10 rats
  4 briar patches (Swamp:4)
  A crawling corpse (Depths:2)
2421 creatures vanquished.

Vanquished Creatures (collateral kills)
  A tentacled monstrosity (Swamp:4)
  A deep elf blademaster (Elf:2)
  Gastronok (D:9)
  The ghost of Kite the Executioner, an adept MiBe of Trog (Swamp:4)
  A deep elf sorcerer (Elf:3)
  The ghost of nublet the Gelid, a journeyman DEIE of Vehumet (Orc:1)
  A minotaur (Lab)
  A deep elf high priest (Elf:3)
  2 hydras (Swamp:4)
  3 dancing weapons (Elf:2)
  2 deep elf knights (Elf:2)
  A spriggan druid (Swamp:4)
  A swamp dragon (Swamp:4)
  4 deep elf magi (Elf:2)
  2 bog bodies (Swamp:4)
  2 vampire mosquitoes (Swamp:4)
  A scorpion (D:9)
  A bullfrog zombie (D:9)
27 creatures vanquished.

Vanquished Creatures (others)
  A hydra (Swamp:4)
  A swamp dragon (Swamp:4)
  A salamander (Depths:3)
  A saltling (Desolation)
  A slime creature (Slime:1)
  A warg (Vaults:5)
  A swamp drake (Swamp:4)
  A jelly (D:12)
  9 briar patches
  8 fungi
  14 plants
39 creatures vanquished.

Grand Total: 2487 creatures vanquished

Notes
Turn   | Place    | Note
-------+----------+-------------------------------------------
     0 | D:1      | kuniqs the Vine Stalker Berserker began the quest for the Orb.
     0 | D:1      | Reached XP level 1. HP: 11/11 MP: 2/2
   116 | D:1      | Reached XP level 2. HP: 16/16 MP: 3/3
   586 | D:1      | You fall through a shaft!
   645 | D:2      | Reached ** piety under Trog
   649 | D:2      | Reached XP level 3. HP: 20/20 MP: 4/4
  1369 | D:2      | Gained mutation: Your natural rate of healing is unusually fast. [Vine Stalker growth]
  1369 | D:2      | Reached XP level 4. HP: 24/24 MP: 5/5
  1458 | D:2      | Gained mutation: You are weak. (Str -2) [potion of mutation]
  1458 | D:2      | Gained mutation: Your flesh is heat resistant. (rF+) [potion of mutation]
  1458 | D:2      | Gained mutation: You are frail. (-10% HP) [potion of mutation]
  1458 | D:2      | Gained mutation: You have a pair of small antennae on your head. [potion of mutation]
  1645 | D:2      | Found a hide-covered altar of Uskayaw.
  1828 | D:3      | Reached XP level 5. HP: 25/25 MP: 4/6
  1831 | D:3      | Reached *** piety under Trog
  2355 | D:4      | Reached XP level 6. HP: 22/29 MP: 5/7
  2392 | D:4      | Found Huavaimu's Magic Scroll Shoppe.
  2401 | D:4      | Bought a scroll of teleportation for 39 gold pieces
  2401 | D:4      | Bought a scroll of teleportation for 39 gold pieces
  2404 | D:4      | Noticed a slave
  2405 | D:4      | Noticed Pikel
  2405 | D:4      | Noticed a slave
  2405 | D:4      | Noticed a slave
  2406 | D:4      | Noticed a slave
  2440 | D:3      | Killed a slave
  2485 | D:3      | Killed a slave
  2492 | D:3      | Killed a slave
  2545 | D:4      | Killed Pikel
  2545 | D:4      | Reached XP level 7. HP: 34/34 MP: 8/8
  2661 | D:4      | Noticed Edmund
  2683 | D:4      | Killed Edmund
  2683 | D:4      | Gained mutation: You have razor-sharp teeth. [Vine Stalker growth]
  2683 | D:4      | Reached XP level 8. HP: 37/37 MP: 9/9
  2806 | D:4      | Reached skill level 5 in Fighting
  3172 | D:5      | Entered Level 5 of the Dungeon
  3188 | D:5      | Reached skill level 5 in Short Blades
  3382 | D:5      | Noticed Eustachio
  3397 | D:5      | Killed Eustachio
  3438 | D:5      | Found a blossoming altar of Fedhas.
  3492 | D:5      | Found a bloodstained altar of Trog.
  3592 | D:5      | Found a sacrificial altar of Ru.
  3714 | D:5      | Noticed Ijyb
  3718 | D:5      | Killed Ijyb
  3832 | D:5      | Reached **** piety under Trog
  4017 | D:5      | Found Eriujor's Antique Weapon Emporium.
  4133 | D:6      | Noticed Grinder
  4172 | D:6      | Killed Grinder
  4172 | D:6      | Reached skill level 5 in Armour
  4172 | D:6      | Reached skill level 5 in Dodging
  4172 | D:6      | Reached XP level 9. HP: 43/43 MP: 10/10
  4252 | D:6      | Found a staircase to the Ecumenical Temple.
  4258 | Temple   | Entered the Ecumenical Temple
  4459 | D:6      | Found a basalt altar of Yredelemnul.
  4592 | D:6      | Found a sparkling altar of Nemelex Xobeh.
  4803 | D:7      | Found a flagged portal.
  4815 | Bailey   | Entered a bailey
  5013 | D:7      | Found a white marble altar of Elyvilon.
  5441 | D:8      | Found a shattered altar of Ashenzari.
  5541 | D:8      | Reached XP level 10. HP: 49/49 MP: 11/11
  6139 | D:9      | Found a staircase to the Orcish Mines.
  6173 | D:9      | Noticed Joseph
  6194 | D:9      | Killed Joseph
  6311 | D:9      | Noticed Psyche
  6314 | D:9      | Noticed Psyche
  6314 | D:9      | Psyche changed into Psyche the blink frog
  6329 | D:9      | Killed Psyche the blink frog
  6414 | D:9      | Found a burning altar of Makhleb.
  6414 | D:9      | Found a radiant altar of Vehumet.
  6460 | D:9      | Noticed Gastronok
  6480 | D:9      | Killed Gastronok
  6581 | D:9      | Found a stormy altar of Qazlal.
  6653 | D:10     | Entered Level 10 of the Dungeon
  6710 | D:10     | Reached XP level 11. HP: 47/54 MP: 13/13
  6784 | D:10     | Noticed a deep elf mage
  6804 | D:10     | Killed a deep elf mage
  7135 | D:10     | Reached skill level 1 in Shields
  7137 | D:10     | Noticed a two-headed ogre
  7139 | D:10     | Noticed a six-headed hydra
  7151 | D:10     | Killed a two-headed ogre
  7204 | D:10     | Killed a six-headed hydra
  7358 | D:10     | Noticed a two-headed ogre
  7368 | D:10     | Killed a two-headed ogre
  7368 | D:10     | Reached skill level 5 in Evocations
  7387 | D:10     | Noticed a two-headed ogre
  7436 | D:10     | Killed a two-headed ogre
  7488 | D:10     | Noticed a cyclops
  7520 | D:10     | Killed a cyclops
  7520 | D:10     | Reached ***** piety under Trog
  7660 | D:10     | Reached skill level 5 in Shields
  8021 | D:11     | Noticed a brown ugly thing
  8028 | D:11     | Gained mutation: You heal very quickly. [Vine Stalker growth]
  8028 | D:11     | Reached XP level 12. HP: 58/58 MP: 17/17
  8404 | D:11     | Found a staircase to the Lair.
  8412 | D:11     | Noticed anet's ghost (journeyman MiMo)
  8450 | D:11     | Killed anet's ghost
  8547 | D:11     | Found a shattered altar of Ashenzari.
  8786 | D:12     | Noticed a two-headed ogre
  8794 | D:12     | Killed a two-headed ogre
  9089 | D:12     | Found a labyrinth entrance.
  9121 | Lab      | Entered a labyrinth
  9245 | Lab      | Noticed a minotaur
  9259 | Lab      | Killed a minotaur
  9452 | D:12     | Noticed a two-headed ogre
  9459 | D:12     | Noticed a vampire knight
  9461 | D:12     | Noticed a storm dragon
  9481 | D:12     | Received a gift from Trog
  9749 | D:12     | Reached XP level 13. HP: 29/61 MP: 15/20
 10104 | D:13     | Found Dimpoll's Food Shop.
 10219 | Lair:1   | Entered Level 1 of the Lair of Beasts
 10523 | Lair:1   | Reached skill level 1 in Stealth
 10708 | Lair:1   | Reached skill level 10 in Evocations
 11188 | Lair:2   | Noticed Urug
 11225 | Lair:2   | Killed Urug
 11493 | Lair:2   | Found a hole to the Spider Nest.
 11896 | Lair:3   | Received a gift from Trog
 12040 | Lair:3   | Found a staircase to the Swamp.
 13062 | Lair:4   | Noticed Harold
 13084 | Lair:4   | Killed Harold
 13205 | Lair:5   | Reached skill level 10 in Shields
 13205 | Lair:5   | Reached XP level 14. HP: 67/67 MP: 22/22
 13214 | Lair:5   | Reached skill level 5 in Stealth
 13681 | Lair:5   | Noticed Nessos
 13681 | Lair:5   | Noticed Nessos
 13681 | Lair:5   | Nessos changed into Nessos the water nymph
 13686 | Lair:5   | Killed Nessos the water nymph
 13686 | Lair:5   | Reached ****** piety under Trog
 13744 | Lair:5   | Received a gift from Trog
 14127 | Lair:6   | Entered Level 6 of the Lair of Beasts
 14433 | Lair:6   | Found a viscous altar of Jiyva.
 14433 | Lair:6   | Found a staircase to the Slime Pits.
 14619 | Lair:6   | Reached skill level 10 in Fighting
 14988 | Lair:6   | Reached XP level 15. HP: 72/72 MP: 23/23
 15258 | Orc:1    | Entered Level 1 of the Orcish Mines
 15291 | Orc:1    | Received a gift from Trog
 15310 | Orc:1    | Noticed nublet's ghost (journeyman DEIE)
 15336 | Orc:1    | Killed nublet's ghost
 15569 | Orc:2    | Entered Level 2 of the Orcish Mines
 15729 | Orc:1    | Found a roughly hewn altar of Beogh.
 16446 | Orc:2    | Found Belipi's Book Emporium.
 16518 | Orc:2    | Received a gift from Trog
 16578 | Orc:2    | Found Tynner's Weapon Shop.
 16596 | Orc:2    | Bought the +7 captain's cutlass {speed, disarm} for 756 gold pieces
 16608 | Orc:2    | Found a roughly hewn altar of Beogh.
 16626 | Orc:2    | Found Qanit's Magic Scroll Emporium.
 16647 | Orc:2    | Found Woikliuk's Magic Scroll Shop.
 16669 | Orc:2    | Bought a scroll of silence for 105 gold pieces
 16982 | Orc:2    | Found a staircase to the Elven Halls.
 17480 | D:13     | Noticed Josephine
 17493 | D:13     | Killed Josephine
 17660 | D:13     | Found Ykocwibu's Assorted Antiques.
 17686 | D:13     | Received a gift from Trog
 17814 | D:13     | Found Zeecronu's Food Boutique.
 18235 | D:14     | Found Duloczei's Jewellery Shop.
 18727 | D:14     | Found a gate to the Vaults.
 18746 | D:14     | Reached skill level 10 in Stealth
 18878 | D:15     | Entered Level 15 of the Dungeon
 18928 | D:15     | Reached skill level 10 in Dodging
 19018 | D:15     | Identified a scroll of acquirement
 19024 | D:15     | Identified the +1 buckler of Jigsaw {rC+ Dex+2} (You acquired it on level 15 of the Dungeon)
 19238 | D:15     | Found Uxengil's Food Shop.
 19446 | D:15     | Reached XP level 16. HP: 78/78 MP: 24/24
 19455 | D:15     | Found a staircase to the Depths.
 19484 | D:15     | Noticed an azure jelly
 19484 | D:15     | a fire dragon changed into an azure jelly
 19486 | D:15     | an azure jelly changed into a fire giant
 19490 | D:15     | Noticed an azure jelly
 19490 | D:15     | a fire giant changed into an azure jelly
 19494 | D:15     | an azure jelly changed into an emperor scorpion
 19597 | D:15     | Reached skill level 10 in Armour
 19899 | D:15     | Received a gift from Trog
 20434 | D:14     | Bought the amulet of the Air {Inacc +Fly rElec EV+5 RMsl} for 666 gold pieces
 20438 | D:14     | Lost mutation: You are weak. (Str -2) [potion of mutation]
 20438 | D:14     | Lost mutation: Your flesh is heat resistant. (rF+) [potion of mutation]
 20438 | D:14     | Lost mutation: You are frail. (-10% HP) [potion of mutation]
 20438 | D:14     | Lost mutation: You have a pair of small antennae on your head. [potion of mutation]
 20438 | D:14     | Gained mutation: You expend magic power (3 MP) to strengthen your wands. [potion of mutation]
 20438 | D:14     | Gained mutation: You occasionally shout uncontrollably at your foes. [potion of mutation]
 20438 | D:14     | Gained mutation: You are resistant to hostile enchantments. (MR+) [potion of mutation]
 20438 | D:14     | Gained mutation: You have sharp toenails. [potion of mutation]
 20664 | Elf:1    | Entered Level 1 of the Elven Halls
 21572 | Elf:1    | Received a gift from Trog
 21668 | Elf:1    | Identified Sif Muna's Collected Works on Confrontation and the Entourage
 21861 | Elf:2    | Noticed Nikola
 21877 | Elf:2    | Killed Nikola
 21916 | Elf:2    | Found a radiant altar of Vehumet.
 22093 | Elf:2    | Found Juvvobeg's Antique Weapon Boutique.
 22270 | Elf:2    | Reached XP level 17. HP: 93/93 MP: 25/25
 22280 | Elf:2    | Found a huge runed gate.
 22280 | Elf:2    | Found a huge runed gate.
 22280 | Elf:2    | Found a huge runed gate.
 22280 | Elf:2    | Found a huge runed gate.
 22288 | Elf:2    | Found a huge runed gate.
 22539 | Elf:2    | Found a runed door.
 22799 | Elf:2    | Reached skill level 10 in Short Blades
 22956 | Elf:2    | Noticed a deep elf blademaster
 22956 | Elf:2    | Received a gift from Trog
 22962 | Elf:2    | Killed a deep elf blademaster
 23220 | Elf:2    | Got a sparkling graven amulet
 23221 | Elf:2    | Identified the amulet of Kauck {Inacc *Corrode rPois Int+6 Dex-5} (You found it on level 2 of the Elven Halls)
 23428 | Swamp:1  | Entered Level 1 of the Swamp
 23766 | Swamp:1  | Identified the +9 plate armour of Shadows and Fog {+Inv rElec Str-4 Dex+8} (You found it on level 1 of the Swamp)
 24163 | Swamp:2  | Received a gift from Trog
 24224 | Swamp:2  | You fall through a shaft!
 24242 | Swamp:3  | Found a transporter.
 24320 | Swamp:3  | Found a transporter.
 25648 | Swamp:3  | Identified the ring "Cyurell" {Int+5 SInv} (You found it on level 3 of the Swamp)
 25656 | Swamp:3  | Identified the ring of Mamp {Str+4 Int+2} (You found it on level 3 of the Swamp)
 25689 | Swamp:4  | Entered Level 4 of the Swamp
 25698 | Swamp:4  | Reached XP level 18. HP: 93/98 MP: 26/26
 25736 | Swamp:4  | Noticed a tentacled monstrosity
 25751 | Swamp:4  | Killed a tentacled monstrosity
 25804 | Swamp:4  | Received a gift from Trog
 26046 | Swamp:4  | Got a decaying rune of Zot
 26173 | Swamp:4  | Noticed Kite's ghost (adept MiBe)
 26204 | Swamp:4  | Killed Kite's ghost
 26598 | Swamp:4  | Received a gift from Trog
 26940 | Spider:1 | Entered Level 1 of the Spider Nest
 27109 | Spider:1 | Noticed Roxanne
 27960 | Spider:2 | Received a gift from Trog
 28826 | Spider:3 | Reached XP level 19. HP: 90/104 MP: 27/27
 29358 | Spider:4 | Entered Level 4 of the Spider Nest
 29550 | Spider:4 | Received a gift from Trog
 30214 | Spider:4 | Paralysed by a hornet for 1 turns
 30458 | Spider:4 | Got a gossamer rune of Zot
 30874 | Elf:3    | Entered Level 3 of the Elven Halls
 30889 | Elf:3    | Found Poyfow's Book Boutique.
 30999 | Elf:3    | Received a gift from Trog
 31005 | Elf:3    | Identified the +11 short sword of Kannet {venom, *Rage rPois Str-2 Dex+8} (Trog gifted it to you on level 3 of the Elven Halls)
 31298 | Elf:3    | Got a crude golden ring
 31481 | Elf:3    | Reached XP level 20. HP: 111/111 MP: 28/28
 31682 | Elf:3    | Identified the cursed ring of Opsexes {Str-3 Int+4} (You took it off a deep elf annihilator on level 3 of the Elven Halls)
 31698 | Elf:3    | Got a flickering wooden ring
 31829 | Elf:3    | Got a polished hat
 31893 | Elf:3    | Identified the ring of Lyodebu {EV+1 Dex+6} (You took it off a deep elf annihilator on level 3 of the Elven Halls)
 31898 | Elf:3    | Got a pair of faintly humming boots
 31969 | Elf:3    | Received a gift from Trog
 32319 | Elf:3    | Fell from the grace of Trog
 32675 | Elf:3    | Identified the cursed +0 hat of the Unbroken {rF+ Dex+5} (You found it on level 3 of the Elven Halls)
 32687 | Elf:3    | Identified the +2 pair of boots of Bitterness {Dex+4} (You found it on level 3 of the Elven Halls)
 32893 | Orc:2    | Bought a scroll of enchant armour for 105 gold pieces
 32893 | Orc:2    | Bought a scroll of magic mapping for 49 gold pieces
 32893 | Orc:2    | Bought a scroll of fog for 28 gold pieces
 32893 | Orc:2    | Bought a scroll of fear for 49 gold pieces
 32893 | Orc:2    | Bought 2 scrolls of teleportation for 84 gold pieces
 32893 | Orc:2    | Bought a scroll of identify for 28 gold pieces
 32893 | Orc:2    | Bought a scroll of identify for 28 gold pieces
 33037 | D:4      | Bought a scroll of recharging for 123 gold pieces
 33037 | D:4      | Bought a scroll of identify for 26 gold pieces
 33037 | D:4      | Bought a scroll of identify for 26 gold pieces
 33037 | D:4      | Bought a scroll of recharging for 123 gold pieces
 33037 | D:4      | Bought a scroll of identify for 26 gold pieces
 33114 | D:2      | Became a worshipper of Uskayaw the Reveler
 33349 | Vaults:1 | Entered Level 1 of the Vaults
 33353 | Vaults:1 | Reached * piety under Uskayaw
 33357 | Vaults:1 | Reached ** piety under Uskayaw
 33359 | Vaults:1 | Reached skill level 1 in Invocations
 33362 | Vaults:1 | Reached *** piety under Uskayaw
 33366 | Vaults:1 | Reached **** piety under Uskayaw
 33370 | Vaults:1 | Reached ***** piety under Uskayaw
 33371 | Vaults:1 | Reached skill level 2 in Invocations
 33484 | Vaults:1 | Reached skill level 3 in Invocations
 33639 | Vaults:1 | Reached skill level 4 in Invocations
 33652 | Vaults:1 | Reached ****** piety under Uskayaw
 33656 | Vaults:1 | Reached skill level 5 in Invocations
 33842 | Vaults:1 | Reached skill level 6 in Invocations
 34378 | Vaults:1 | Reached skill level 7 in Invocations
 34467 | Vaults:1 | Reached skill level 8 in Invocations
 35655 | Vaults:2 | Reached skill level 9 in Invocations
 35884 | Vaults:1 | Reached skill level 10 in Invocations
 36791 | Vaults:2 | Reached XP level 21. HP: 116/116 MP: 29/29
 37163 | Vaults:2 | Found a radiant altar of Vehumet.
 37175 | Vaults:2 | Reached skill level 11 in Invocations
 38018 | Vaults:2 | Reached skill level 12 in Invocations
 38988 | Vaults:2 | Paralysed by Trog for 2 turns
 39315 | Vaults:2 | Reached skill level 13 in Invocations
 40273 | Vaults:3 | Found a ruined gateway.
 40277 | Desolati | Entered the Desolation of Salt
 40311 | Desolati | Reached skill level 15 in Shields
 40443 | Desolati | Got a glittering tin ring
 40444 | Desolati | Identified the ring of Attitude {+Fly rF+ Int+5} (You found it in the Desolation of Salt)
 40447 | Desolati | Got a pair of bloodstained boots
 40661 | Desolati | Reached skill level 14 in Invocations
 40745 | Desolati | Got a scintillating lapis lazuli ring
 40958 | Desolati | Reached XP level 22. HP: 121/121 MP: 33/33
 41873 | Vaults:3 | Identified the cursed +0 pair of boots "Mutapp" {rC+ Int+5 Dex+3} (You found it in the Desolation of Salt)
 42098 | Vaults:3 | Found a staircase to the Crypt.
 42638 | Vaults:4 | Reached skill level 15 in Fighting
 42784 | Vaults:4 | Noticed Aizul
 42799 | Vaults:4 | Killed Aizul
 44616 | Vaults:5 | Entered Level 5 of the Vaults
 44631 | Vaults:4 | Reached skill level 15 in Invocations
 44685 | Vaults:4 | Reached XP level 23. HP: 127/127 MP: 35/35
 45064 | Vaults:4 | Was forgiven by Trog
 45143 | Vaults:5 | Noticed Boris
 45153 | Vaults:5 | Killed Boris
 45256 | Vaults:5 | Identified the +7 ice dragon scales "Haniyt" {rF- rC++ Slay+3} (You found it on level 5 of the Vaults)
 45567 | Vaults:5 | Identified the ring of the Shrike {Fire Int+6} (You found it in the Desolation of Salt)
 45569 | Vaults:5 | Identified the +1 rapier "Peaziuh" {pierce, *Slow rN++} (You took it off a deep elf elementalist on level 5 of the Vaults)
 45688 | Vaults:5 | Noticed Jorgrun
 45699 | Vaults:5 | Killed Jorgrun
 45869 | Vaults:5 | Noticed Xtahua
 45880 | Vaults:5 | Killed Xtahua
 45880 | Vaults:5 | Reached XP level 24. HP: 133/133 MP: 35/35
 45897 | Vaults:5 | Reached skill level 15 in Dodging
 45960 | Vaults:5 | Reached skill level 16 in Invocations
 45973 | Vaults:5 | Got a silver rune of Zot
 46103 | Vaults:5 | Noticed Mennas
 46123 | Vaults:5 | Killed Mennas
 46127 | Vaults:5 | Noticed Saint Roka
 46130 | Vaults:5 | Reached skill level 15 in Armour
 46131 | Vaults:5 | Killed Saint Roka
 46423 | Vaults:5 | Got a bound tin ring
 46425 | Vaults:5 | Identified the ring "Dudwom" {+Fly rPois} (You found it on level 5 of the Vaults)
 47145 | Slime:1  | Entered Level 1 of the Pits of Slime
 47506 | Slime:5  | Entered Level 5 of the Pits of Slime
 47506 | Slime:5  | Noticed Dissolution
 47507 | Slime:5  | Killed Dissolution
 47566 | Slime:5  | Found a viscous altar of Jiyva.
 47566 | Slime:5  | Noticed the Royal Jelly
 47570 | Slime:5  | Killed the Royal Jelly
 47607 | Slime:5  | Reached XP level 25. HP: 140/140 MP: 32/36
 47628 | Slime:5  | Got an ichor-stained plate armour
 47697 | Slime:5  | Got a pitted ruby amulet
 47728 | Slime:5  | Got a slimy rune of Zot
 48130 | D:12     | Reached skill level 17 in Invocations
 48143 | D:12     | Got a shimmering chain mail
 48261 | D:13     | Bought a scroll of identify for 60 gold pieces
 48261 | D:13     | Identified the +8 plate armour of Ecetiusa {Int+2} (You found it on level 5 of the Pits of Slime)
 48386 | Depths:1 | Entered Level 1 of the Depths
 48557 | Depths:1 | Found a gateway to Hell.
 48671 | Depths:1 | Identified the +3 chain mail of Zoodgh {Str+2 Int+3} (You found it on level 12 of the Dungeon)
 48764 | Depths:1 | Found a one-way gate to the infinite horrors of the Abyss.
 49191 | Depths:1 | Found a runed warning-scrawled door.
 49193 | Depths:1 | Found a runed door.
 49194 | Depths:1 | Found a runed door.
 49895 | Depths:2 | Got a transparent lead ring
 49908 | Depths:2 | Identified the amulet "Suocu" {Inacc Fragile rN+ Str+4 Int+2} (You found it on level 5 of the Pits of Slime)
 49931 | Depths:2 | Found a runed door.
 50163 | Depths:2 | Identified the ring of the Median {*Slow +Blink Str+7 Slay+6 SInv} (You took it off a spriggan air mage on level 2 of the Depths)
 50441 | Depths:2 | Found a runed door.
 50442 | Depths:2 | Found a burning altar of Makhleb.
 50454 | Depths:2 | Paralysed by a floating eye for 2 turns
 50460 | Depths:2 | Reached XP level 26. HP: 147/147 MP: 36/36
 50466 | Depths:2 | Got a transparent lapis lazuli ring
 50474 | Depths:2 | Identified the ring "Seushaenn" {MR+ Str+2 Slay+2 SInv} (You found it on level 2 of the Depths)
 50483 | Depths:2 | Found a shadowy altar of Dithmenos.
 50486 | Depths:2 | Found an opulent altar of Gozag.
 50486 | Depths:2 | Found a sparkling altar of Nemelex Xobeh.
 50916 | Depths:2 | Reached skill level 18 in Invocations
 51018 | Depths:2 | Found a blossoming altar of Fedhas.
 51029 | Depths:2 | Found a runed door.
 51031 | Depths:2 | Found a runed door.
 51033 | Depths:2 | Found a runed door.
 51371 | Depths:3 | Found a gateway to a ziggurat.
 51396 | Zig:1    | Entered Level 1 of a ziggurat
 51434 | Zig:2    | Entered Level 2 of a ziggurat
 51475 | Zig:2    | Identified the -7 helmet "Achiq" {Str+3} (You acquired it on level 2 of a ziggurat)
 51478 | Zig:2    | LOL NO
 51480 | Zig:3    | Entered Level 3 of a ziggurat
 51515 | Zig:4    | Entered Level 4 of a ziggurat
 51571 | Zig:5    | Entered Level 5 of a ziggurat
 51614 | Zig:6    | Entered Level 6 of a ziggurat
 52035 | Depths:3 | Found a one-way gate leading to the halls of Pandemonium.
 52538 | Depths:3 | Found a runed door.
 52573 | Depths:3 | Found a runed door.
 52575 | Depths:3 | Found a runed door.
 52581 | Depths:3 | Found a runed door.
 52583 | Depths:3 | Got a scintillating sapphire amulet
 52584 | Depths:3 | Identified the amulet of the Suburbs {Gourm *Contam rN+ SInv Stlth+} (You found it on level 3 of the Depths)
 52682 | Depths:4 | Reached XP level 27. HP: 134/153 MP: 37/37
 52796 | Depths:4 | Reached skill level 19 in Invocations
 52918 | Depths:4 | Noticed an ancient lich
 52918 | Depths:4 | Noticed a juggernaut
 52928 | Depths:4 | Killed a juggernaut
 52936 | Depths:4 | Killed an ancient lich
 52964 | Depths:4 | Identified the +1 chain mail of the Bouncing Planets {MR+ Str+4} (You found it on level 4 of the Depths)
 53702 | Depths:5 | Entered Level 5 of the Depths
 53745 | Depths:5 | Found Tuenurie's Antique Weapon Shop.
 53952 | Depths:5 | Found a gate to the Realm of Zot.
 54049 | Depths:5 | Found a glowing golden altar of the Shining One.
 54070 | Depths:5 | Noticed a juggernaut
 54087 | Depths:5 | Killed a juggernaut
 54320 | Zot:1    | Entered Level 1 of the Realm of Zot
 54350 | Zot:1    | Reached skill level 20 in Invocations
 54379 | Zot:2    | Got a clouded graven amulet
 54380 | Zot:2    | Identified the amulet "Qyenapug" {rPois Regen+} (You found it on level 2 of the Realm of Zot)
 54392 | Zot:3    | Noticed an orb of fire
 54405 | Zot:3    | Killed an orb of fire
 54696 | Zot:5    | Entered Level 5 of the Realm of Zot
 54741 | Zot:5    | Noticed an ancient lich
 54752 | Zot:5    | Killed an ancient lich
 54763 | Zot:5    | Noticed an ancient lich
 54783 | Zot:5    | Killed an ancient lich
 54790 | Zot:5    | Noticed an orb of fire
 54794 | Zot:5    | Killed an orb of fire
 54794 | Zot:5    | Noticed an orb of fire
 54808 | Zot:5    | Noticed an ancient lich
 54808 | Zot:5    | Killed an orb of fire
 54824 | Zot:5    | Killed an ancient lich
 54834 | Zot:5    | Noticed an orb of fire
 54851 | Zot:5    | Killed an orb of fire
 54896 | Zot:5    | Reached skill level 21 in Invocations
 54943 | Zot:5    | Noticed an orb of fire
 54949 | Zot:5    | Noticed an orb of fire
 54957 | Zot:5    | Killed an orb of fire
 54958 | Zot:5    | Killed an orb of fire
 54984 | Zot:5    | Got the Orb of Zot
 55027 | Zot:5    | Noticed an ancient lich
 55163 | Depths:5 | Noticed Icuozeul the pandemonium lord
 55169 | Depths:5 | Killed Icuozeul the pandemonium lord
 55290 | Depths:1 | Noticed Jameoxit the pandemonium lord
 55455 | D:10     | Noticed Afoqoplo the pandemonium lord
 55465 | D:10     | Killed Afoqoplo the pandemonium lord
 55635 | D:$      | Escaped with the Orb!

Vault maps used:
D:1:      lemuel_arrival_funnel, st_stairs_11, minmay_crystal_room
D:2:      eat_drink_and_be_merry_uskayaw, minmay_lizard_pond
D:4:      serial_shops, nicolae_shop_stone, uniq_edmund, uniq_pikel
D:5:      lemuel_coloured_pillars_altar, bloody_trog, serial_shops,
          kennysheep_little_box, first_bread, basic_altar, uniq_eustachio,
          uniq_ijyb
D:6:      lemuel_crystal_altar, nemelex_xobeh_ov_fountains_minmay,
          minmay_temple_entry_enclosed_plants, uniq_grinder
D:7:      lemuel_round_altar, enter_bailey_2
D:8:      ashenzari_conservatory_becter
D:9:      kennysheep_mini_moat, grunt_temple_overflow_lords_of_destruction,
          uniq_joseph, uniq_gastronok, uniq_psyche
D:10:     minmay_ornate_pinched, hangedman_stone_soup, grunt_tough_drop
D:11:     due_lair_maze_entry_diamond, evilmike_ruin_ashenzari
D:12:     minmay_expanding_circles, lab_entry_generic
D:13:     serial_shops, nicolae_shop_crystal, shop, shop, uniq_josephine
D:14:     david_vaults_1, serial_shops, shop, st_stairs_1
D:15:     hangedman_depths_entry_try_elsewhere_first, serial_shops, shop
Temple:   minmay_temple_bridge_abc
Lair:1:   beast_lair_carwin_3
Lair:2:   spider_nest_entry_a, uniq_urug
Lair:3:   nicolae_swamp_entry_splash_gauntlet, grunt_megastairs_4
Lair:4:   grunt_forest_small_clearings, uniq_harold
Lair:5:   beast_lair_carwin_5, uniq_nessos
Lair:6:   hangedman_lair_in_review, slime_altar_1, serial_bayou_shore_b
Swamp:1:  nicolae_swamp_treefoil, swamp_pool2, nicolae_swamp_very_dense_foliage
Swamp:2:  evilmike_swamp_ruin_house_2
Swamp:3:  gammafunk_its_a_trap, evilmike_swamp_ruin_house_3
Swamp:4:  swamp_basic_johnstein, infiniplex_staircase_pool_2
Spider:1: uniq_roxanne
Spider:3: hangedman_spider_tarantella_strand
Spider:4: guppyfry_spider_rune
Slime:1:  nicolae_slime_phagocytosis
Slime:3:  nicolae_slime_barrier
Slime:5:  uniq_dissolution
Orc:1:    basic_altar, nicolae_orc_damp_corner, nicolae_orc_sculptors_studio
Orc:2:    st_orc_town, statue_in_the_mist_lemuel
Elf:1:    eino_elf_arrival_the_gate, minmay_elf_sorcery
Elf:2:    basic_altar, serial_shops, shop, minivault_13, basic_stair_grate_trap,
          uniq_nikola
Elf:3:    minmay_elf_hall_furrowed, serial_shops, nicolae_shop_waterfront
Vaults:1: v_misc_10, vaults_dpeg_spiral, v_misc_27, v_alt_pattern_5, v_misc_8,
          grunt_vaults_swirl, nicolae_vaults_windows_and_doors_thing, v_misc_31,
          vaults_dpeg_diagonal, nicolae_vaults_little_squares_1
Vaults:2: nicolae_vaults_mini_display_case, hangedman_vaults_river_flow,
          hangedman_vaults_pinch, nicolae_vaults_network_quinsquares,
          grunt_tower_of_power, v_rooms_5, nicolae_vaults_specimen_jars,
          nicolae_vaults_network_star, vaults_dpeg_doors, ontoclasm_vaults_fault
Vaults:3: v_misc_23, vaults_room_hallway, v_misc_8, v_misc_25,
          minmay_crypt_entry_simple_box, ontoclasm_vaults_eye, v_misc_11,
          portal_desolation_entry_nicolae_nacl
Vaults:4: v_misc_32, nicolae_vaults_three_branches, nicolae_vaults_display_case,
          nicolae_vaults_border_crossing, ontoclasm_vaults_spin, v_misc_11,
          nicolae_vaults_bisected_slash, v_pattern_1, nicolae_vaults_theta,
          vaults_room_semicircle, uniq_aizul
Vaults:5: serial_shops, uniq_xtahua, uniq_jorgrun, uniq_saint_roka, uniq_boris,
          uniq_mennas
Depths:1: lemuel_troll_bridge, hangedman_abyss_entry_splay, hell_entry,
          nicolae_two_hexagons, mikee_hates_you, serial_bayou_shore_b
Depths:2: minmay_the_grid_ultimate, hell_entry, serial_shops
Depths:3: impenetrable_vault, enter_ziggurat_c, abyss_entry,
          rand_demon_pan_entry_4, kennysheep_pointless_box,
          pf_hell_entry_tar_spiral, infiniplex_staircase_zigzag_1
Depths:4: hangedman_pleasuredromes, pan_entry, hell_entry, abyss_entry
Depths:5: grunt_zot_entry_tricorne, serial_shops, shop,
          abyss_entry_small_statue_room, hell_entry, tso_metal_star
Zot:1:    grunt_megastairs_3
Zot:4:    lemuel_draconian_sentries_small, st_single_dragon_hoard_1
Lab:      labyrinth_hidden_loot
Bailey:   bailey_polearm_2, bailey

Skill      XL: |  1  2  3  4  5  6  7  8  9 10 11 12 13 14 15 16 17 18 19 20 21 22 23 24 25 26 27 |
---------------+----------------------------------------------------------------------------------+-----
Short Blades   | 3 4 5 6 7 8 9 10 | 10.3
Fighting       | 3 4 6 7 8 9 10 11 12 13 14 15 16 17 18 20 | 20.8
Armour         | 2 3 5 6 7 8 9 10 11 12 13 14 15 16 17 19 | 19.2
Dodging        | 2 3 5 6 7 8 9 10 11 12 13 14 15 16 17 19 | 19.3
Evocations     | 2 6 9 10 | 10.0
Shields        | 5 8 10 11 12 13 14 15 16 | 16.6
Stealth        | 4 7 10 11 12 | 12.7
Invocations    | 10 14 15 16 17 18 21 | 21.4

Action                   |  1- 3 |  4- 6 |  7- 9 | 10-12 | 13-15 | 16-18 | 19-21 | 22-24 | 25-27 || total
-------------------------+-------+-------+-------+-------+-------+-------+-------+-------+-------++-------
Melee: Short sword       |    91 |   147 |    83 |       |       |       |       |       |       ||   321
       Bite              |    22 |    48 |   101 |   262 |   684 |   891 |  1373 |  1115 |  1225 ||  5721
       Rapier            |       |       |   212 |   633 |   998 |       |       |       |       ||  1843
       Cutlass           |       |       |       |       |   344 |  1652 |   656 |       |       ||  2652
       Quick blade       |       |       |       |       |       |       |  1407 |  1625 |  1928 ||  4960
Throw: Throwing net      |       |       |       |       |       |       |     2 |       |       ||     2
Invok: Berserk           |     2 |     4 |    10 |    20 |    22 |     7 |       |       |       ||    65
       Trog's Hand       |       |       |     1 |       |       |       |       |       |       ||     1
       Brothers in Arms  |       |       |       |     2 |     1 |     5 |     5 |       |       ||    13
       Burn Spellbooks   |       |       |       |     2 |     2 |     2 |     2 |       |       ||     8
       Renounce Religion |       |       |       |       |       |       |     1 |       |       ||     1
       Line Pass         |       |       |       |       |       |       |     6 |     2 |     5 ||    13
       Grand Finale      |       |       |       |       |       |       |       |     4 |     4 ||     8
 Abil: Evoke Berserk Rag |       |       |       |       |       |       |     1 |       |       ||     1
Evoke: Wand              |       |       |       |     4 |    10 |     2 |    23 |     2 |     8 ||    49
       Lamp of fire      |       |       |       |       |       |       |       |     1 |       ||     1
  Use: Potion            |       |     2 |     3 |     2 |     1 |     5 |       |     1 |     2 ||    16
       Scroll            |       |     2 |     6 |     7 |     8 |    17 |    19 |    16 |    30 ||   105
 Stab: Distracted        |       |       |       |     1 |     1 |     4 |     5 |     2 |       ||    13
       Sleeping          |       |       |       |       |    14 |     1 |    10 |     2 |     2 ||    29
       Confused          |       |       |       |       |       |     1 |     5 |       |       ||     6
       Paralysed         |       |       |       |       |       |       |    86 |   111 |   167 ||   364
       Held in net/web   |       |       |       |       |       |       |     1 |       |       ||     1
       Petrified         |       |       |       |       |       |       |       |       |     1 ||     1
  Eat: Chunk             |     2 |     6 |    20 |    32 |    48 |    34 |    18 |     5 |    19 ||   184
       Royal jelly       |       |     1 |       |       |       |       |     5 |     9 |     8 ||    23
       Fruit             |       |       |       |       |     5 |     7 |    18 |     2 |       ||    32
       Meat ration       |       |       |       |       |       |       |     1 |       |       ||     1
Armor: Animal skin       |     2 |       |       |       |       |       |       |       |       ||     2
       Chain mail        |    30 |    68 |    12 |       |       |       |       |       |       ||   110
       Ring mail         |    10 |       |    55 |   103 |   172 |    16 |       |       |       ||   356
       Skin              |       |       |       |    25 |       |       |       |       |       ||    25
       Plate armour      |       |       |       |       |       |   339 |   223 |   119 |       ||   681
       Ice dragon scales |       |       |       |       |       |       |       |    17 |    29 ||    46
       Gold dragon scale |       |       |       |       |       |       |       |       |   131 ||   131
Dodge: Dodged            |    35 |    51 |   114 |   206 |   379 |   643 |   627 |   423 |   406 ||  2884
       Deflected         |       |       |       |       |       |    34 |    23 |    30 |    26 ||   113
Block: Shield            |       |       |       |   151 |   518 |   741 |   762 |   557 |   785 ||  3514
